[Event "Tirnavia Reti Memorial-GM 2022"]
[Site "Trnava"]
[Date "2022.08.15"]
[Round "6.5"]
[White "Lanc, Alois"]
[Black "Bures, Jaroslav"]
[Result "1/2-1/2"]
[ECO "A00"]
[WhiteElo "2263"]
[BlackElo "2416"]
[Annotator "TA"]
[PlyCount "45"]
[EventDate "2022.08.10"]
[EventType "tourn"]
[EventCountry "SVK"]
[SourceTitle "playchess.com"]
[Source "ChessBase"]
[SourceQuality "1"]
[TimeControl "40/5400+30:1800+30"]

1. e4 c6 2. d4 d5 3. Nc3 dxe4 4. Nxe4 Bf5 5. Ng3 Bg6 6. Nf3 Nf6 7. Bc4 Nbd7 8. O-O e6 {[#]} {Predecessor:} 9. Re1 $146 {B18: Classical Caro-Kann: 4...Bf5 sidelines.} Be7 10. c3 O-O 11. Nh4 Qc7 12. Bb3 Bd6 13. Qf3 c5 14. Nxg6 hxg6 15. dxc5 Nxc5 16. Bc2 b5 17. Bg5 Ncd7 18. Rad1 b4 19. Qd3 Bxg3 20. hxg3 bxc3 21. bxc3 Rac8 22. Bd2 Qa5 23. Bb3 {½-½ (23) Kovchan,A (2579)-Hera,I (2598) Hungary 2019} 1/2-1/2

[Event "Tirnavia Reti Memorial-GM 2022"]
[Site "Trnava"]
[Date "2022.08.16"]
[Round "7.1"]
[White "Velicka, Petr"]
[Black "Malinovsky, Karel"]
[Result "1-0"]
[ECO "C95"]
[WhiteElo "2384"]
[BlackElo "2463"]
[Annotator "RC"]
[PlyCount "89"]
[EventDate "2022.08.10"]
[EventType "tourn"]
[EventCountry "SVK"]
[SourceTitle "playchess.com"]
[Source "ChessBase"]
[SourceQuality "1"]
[TimeControl "40/5400+30:1800+30"]

1. e4 e5 2. Nf3 Nc6 3. Bb5 a6 4. Ba4 Nf6 5. O-O Be7 6. Re1 b5 7. Bb3 d6 8. c3 O-O 9. h3 Nb8 10. d4 Nbd7 11. Nbd2 Bb7 12. Bc2 Re8 13. Nf1 Bf8 14. Ng3 g6 15. a4 Bg7 16. Bd3 d5 17. exd5 exd4 18. Rxe8+ Qxe8 19. Nxd4 Bxd5 20. axb5 axb5 21. Be3 c6 22. Bf1 Ne5 23. b3 h5 24. Rxa8 Qxa8 25. Bf4 Ned7 26. c4 bxc4 27. bxc4 c5 28. Ndf5 Be6 29. Nxg7 Kxg7 30. Qc1 Ne4 31. Qb2+ f6 32. Qe2 f5 33. f3 g5 34. fxe4 gxf4 35. Nxh5+ Kf7 36. exf5 Bxf5 37. Nxf4 Nf6 38. Qe5 Qc8 39. Bd3 Bxd3 40. Nxd3 Nd7 41. Qf5+ Ke7 42. Ne5 Nb6 43. Ng6+ Kd6 44. Qe5+ Kd7 45. Qe7+ 1-0

[Event "Tirnavia Reti Memorial-GM 2022"]
[Site "Trnava"]
[Date "2022.08.16"]
[Round "7.4"]
[White "Pechac, Jergus"]
[Black "Stevik, Patrik"]
[Result "1-0"]
[ECO "E94"]
[WhiteElo "2594"]
[BlackElo "2126"]
[Annotator "RC"]
[PlyCount "83"]
[EventDate "2022.08.10"]
[EventType "tourn"]
[EventCountry "SVK"]
[SourceTitle "playchess.com"]
[Source "ChessBase"]
[SourceQuality "1"]
[TimeControl "40/5400+30:1800+30"]

1. e4 g6 2. d4 Bg7 3. Nf3 d6 4. Be3 Nd7 5. c4 e5 6. Nc3 exd4 7. Nxd4 Ngf6 8. Be2 O-O 9. O-O Nc5 10. f3 a5 11. Qd2 Re8 12. Rad1 Bd7 13. Ndb5 b6 14. Kh1 Bc6 15. b3 Qd7 16. Rfe1 h5 17. Bf1 Kh7 18. Qc2 Qc8 19. Bg5 Bxb5 20. Nxb5 Nfd7 21. g3 Ne5 22. Bg2 Nc6 23. Qd2 Na7 24. Nc3 Rb8 25. Nd5 Nc6 26. f4 b5 27. Bf6 bxc4 28. Qc3 Bf8 29. Qxc4 Qa6 30. Qc3 Rbc8 31. Bg5 Nd7 32. Bh3 Bg7 33. Nf6+ Nxf6 34. Bxf6 Bxf6 35. Qxf6 Nd8 36. Bd7 Rg8 37. g4 hxg4 38. f5 Ra8 39. Qh4+ Kg7 40. f6+ Kf8 41. Rxd6 Ne6 42. Qh6+ 1-0

[Event "Tirnavia Reti Memorial-GM 2022"]
[Site "Trnava"]
[Date "2022.08.16"]
[Round "7.5"]
[White "Pacher, Milan"]
[Black "Finek, Vaclav"]
[Result "1-0"]
[ECO "D31"]
[WhiteElo "2399"]
[BlackElo "2393"]
[Annotator "RC"]
[PlyCount "87"]
[EventDate "2022.08.10"]
[EventType "tourn"]
[EventCountry "SVK"]
[SourceTitle "playchess.com"]
[Source "ChessBase"]
[SourceQuality "1"]
[TimeControl "40/5400+30:1800+30"]

1. d4 d5 2. c4 e6 3. Nc3 c6 4. e4 dxe4 5. Nxe4 Bb4+ 6. Bd2 Qxd4 7. Bxb4 Qxe4+ 8. Ne2 Nd7 9. Qd6 Qe5 10. Qd2 Ngf6 11. O-O-O Ne4 12. Qe3 c5 13. f4 Qc7 14. Be1 Nef6 15. Nc3 O-O 16. g4 b6 17. g5 Nh5 18. Bg2 Bb7 19. Nb5 Qb8 20. Bxb7 Qxb7 21. Bc3 Rad8 22. Nd6 Qc6 23. Ne4 Nb8 24. Qf3 g6 25. b3 Rxd1+ 26. Rxd1 Rc8 27. Bb2 e5 28. fxe5 Qe6 29. Rd6 Qf5 30. Qd3 Rf8 31. Rd8 Qe6 32. Rxf8+ Kxf8 33. Qd8+ Qe8 34. Qd6+ Kg8 35. e6 Nc6 36. e7 Qxe7 37. Qxc6 Qd8 38. Nf6+ Kf8 39. Nxh7+ Kg8 40. Nf6+ Kf8 41. Be5 Nxf6 42. gxf6 Kg8 43. Qd6 Qe8 44. Qb8 1-0

[Event "Tirnavia Reti Memorial-GM 2022"]
[Site "Trnava"]
[Date "2022.08.17"]
[Round "8.1"]
[White "Malinovsky, Karel"]
[Black "Finek, Vaclav"]
[Result "1/2-1/2"]
[ECO "C43"]
[WhiteElo "2463"]
[BlackElo "2393"]
[Annotator "RC"]
[PlyCount "121"]
[EventDate "2022.08.10"]
[EventType "tourn"]
[EventCountry "SVK"]
[SourceTitle "playchess.com"]
[Source "ChessBase"]
[SourceQuality "1"]
[TimeControl "40/5400+30:1800+30"]

1. e4 e5 2. Nf3 Nf6 3. d4 Nxe4 4. Bd3 d5 5. Nxe5 Nd7 6. Nxd7 Bxd7 7. O-O Bd6 8. Nc3 Nxc3 9. bxc3 O-O 10. Qh5 f5 11. Re1 c6 12. Bg5 Qc7 13. c4 Be8 14. Qh3 dxc4 15. Bxc4+ Bf7 16. Be6 Bxe6 17. Rxe6 Rae8 18. Rxe8 Rxe8 19. Qxf5 Bxh2+ 20. Kf1 Bd6 21. c4 c5 22. d5 b5 23. cxb5 Re5 24. Qg4 Qb7 25. a4 Bf8 26. Rd1 Qf7 27. d6 h5 28. Qf4 Qb3 29. Qd2 Rxg5 30. d7 Be7 31. d8=Q+ Bxd8 32. Qxd8+ Kh7 33. Qd3+ Qxd3+ 34. Rxd3 Rg4 35. Rd5 Rxa4 36. Rxh5+ Kg6 37. Rxc5 Ra5 38. Ke2 Kh7 39. Rh5+ Kg6 40. Re5 a6 41. Re6+ Kf5 42. Rxa6 Rxb5 43. f3 g5 44. g4+ Kf4 45. Rf6+ Kg3 46. Ke3 Rb4 47. Rf5 Kh4 48. Rd5 Ra4 49. Rd4 Ra3+ 50. Ke4 Kg3 51. Rd1 Ra4+ 52. Kf5 Ra5+ 53. Kg6 Kxf3 54. Rg1 Kf4 55. Kh5 Ra8 56. Rf1+ Kg3 57. Kxg5 Ra5+ 58. Rf5 Ra4 59. Kh5 Rxg4 60. Rg5 Rxg5+ 61. Kxg5 1/2-1/2

[Event "Tirnavia Reti Memorial-GM 2022"]
[Site "Trnava"]
[Date "2022.08.17"]
[Round "8.2"]
[White "Stevik, Patrik"]
[Black "Pacher, Milan"]
[Result "0-1"]
[ECO "D37"]
[WhiteElo "2126"]
[BlackElo "2399"]
[Annotator "TA"]
[PlyCount "106"]
[EventDate "2022.08.10"]
[EventType "tourn"]
[EventCountry "SVK"]
[SourceTitle "playchess.com"]
[Source "ChessBase"]
[SourceQuality "1"]
[TimeControl "40/5400+30:1800+30"]

1. d4 d5 2. c4 e6 3. Nf3 a6 4. cxd5 exd5 5. Nc3 Nf6 6. Bg5 {[%emt 0:00:22] D37: Queen's Gambit Declined: 5 Bf4.} Be6 7. e3 Nbd7 (7... h6 $5 8. Bxf6 gxf6 $14) 8. Bd3 {[%emt 0:00:47] White is slightly better.} Bd6 9. O-O O-O 10. Rc1 Re8 11. Qc2 h6 12. Bh4 {[%emt 0:00:20] [#]} Rc8 $146 ({Predecessor:} 12... c6 13. a3 Qb8 14. Bg3 Bxg3 15. hxg3 a5 16. Rfe1 Qd6 17. Rb1 Bg4 18. Nd2 Nb6 19. Qb3 Nbd7 20. Qc2 Nb6 21. Qb3 Nbd7 22. Qc2 Nb6 23. Qb3 Nbd7 24. Qc2 {½-½ (24) Bu,X (2705)-Riazantsev,A (2671) Doha 2016}) 13. Rfe1 c5 14. Bh7+ Kh8 {[%emt 0:00:29] Threatens to win with ...g5.} 15. Bf5 b5 16. Bxe6 fxe6 17. dxc5 (17. Qg6 {with more complications.} c4 18. a3 Kg8 19. e4) 17... Bxc5 18. Qb3 Qb6 19. Rcd1 Bd6 20. Rd4 {[%emt 0:03:56] Inhibits Ne4.} b4 21. Na4 Qb5 {[%emt 0:01:50] Black is more active.} 22. Bg3 e5 23. Rdd1 Bf8 24. Nh4 Kh7 25. e4 d4 26. Rd3 {[%emt 0:03:32] [#]} (26. h3 $15) 26... Qc4 ({Better is} 26... Qc6 $1 $17 27. f3 Qc2) 27. Nf3 $15 Qxb3 28. axb3 Rc6 29. Nd2 Bd6 30. Nc4 Bc7 31. f3 g5 32. Red1 g4 33. Bh4 Kg6 34. Re1 h5 35. h3 gxh3 36. g3 Nh7 37. Kh2 Ndf8 (37... Nhf8 $15) 38. Kxh3 Ne6 39. Rc1 Rc8 $2 {[%emt 0:01:33][%mdl 8192] [#]} (39... Kh6 $11) 40. Be7 $2 (40. Nab6 $1 $18 Rxb6 41. Nxb6) 40... Nhg5+ 41. Kh4 $2 (41. Kg2 $11) 41... Kh6 $19 42. Rf1 (42. g4 $142) 42... Re8 43. Bf6 (43. Bxb4 $142 Nf8 44. Bxf8+ Rxf8 45. Rdd1) 43... Rf8 {[%emt 0:00:52] Dancing on a razor blade.} 44. Bxe5 {[%emt 0:01:15] [#]} Rxc4 {[%emt 0:00:07][%mdl 576] Remove Defender. Black is clearly winning.} 45. bxc4 {[%emt 0:01:34] And now Bxc7 would win.} Bxe5 46. f4 Nxe4 47. Kh3 Bf6 48. Re1 (48. Rff3 $142 Rg8 49. Nb6) 48... Nf2+ 49. Kg2 Nxd3 50. Rxe6 a5 51. Ra6 h4 52. Rxa5 Rg8 53. Kf3 hxg3 {[%emt 0:00:47] Weighted Error Value: White=0.73/Black=0.41} 0-1

[Event "Tirnavia Reti Memorial-GM 2022"]
[Site "Trnava"]
[Date "2022.08.17"]
[Round "8.3"]
[White "Sahidi, Samir"]
[Black "Pechac, Jergus"]
[Result "0-1"]
[ECO "C42"]
[WhiteElo "2462"]
[BlackElo "2594"]
[Annotator "RC"]
[PlyCount "129"]
[EventDate "2022.08.10"]
[EventType "tourn"]
[EventCountry "SVK"]
[SourceTitle "playchess.com"]
[Source "ChessBase"]
[SourceQuality "1"]
[TimeControl "40/5400+30:1800+30"]

1. e4 e5 2. Nf3 Nf6 3. Nxe5 d6 4. Nf3 Nxe4 5. Nc3 Nxc3 6. dxc3 Be7 7. Be3 O-O 8. Qd2 Nd7 9. O-O-O Nf6 10. Bd3 Re8 11. h3 d5 12. g4 c6 13. Kb1 Ne4 14. Bxe4 dxe4 15. Qe2 Qc7 16. Nd2 Bf8 17. h4 Be6 18. g5 a6 19. h5 Qa5 20. c4 b5 21. h6 bxc4 22. Bd4 Rab8 23. Qe3 c3 24. Nb3 Bxb3 25. cxb3 Qf5 26. bxc3 Rbd8 27. Kb2 Be7 28. Rhg1 g6 29. Qg3 Rd5 30. Be3 Rc8 31. Qf4 Qxf4 32. Bxf4 f6 33. gxf6 Bxf6 34. Kc2 Rcd8 35. Rde1 Rd3 36. Rg3 Re8 37. c4 Kf7 38. Rg4 Rc3+ 39. Kb1 Bd4 40. Bd6 Rd3 41. Re2 Bf6 42. Bf4 g5 43. Bc1 Rf3 44. Rd2 Kg6 45. Rd6 Rxf2 46. Rxg5+ Kf7 47. Rg1 e3 48. Rd7+ Ke6 49. Rd3 e2 50. Re1 Kf5 51. Bd2 Rf1 52. Rh3 Kg4 53. Rh1 Rxh1 54. Rxh1 Bh4 55. Rg1+ Kh5 56. Rg7 e1=Q+ 57. Bxe1 Rxe1+ 58. Kc2 Re7 59. b4 Kxh6 60. Rg2 Re3 61. Rd2 Be7 62. c5 Kg5 63. Rg2+ Kf5 64. Rh2 Kg6 65. Rg2+ 0-1

[Event "Tirnavia Reti Memorial-GM 2022"]
[Site "Trnava"]
[Date "2022.08.17"]
[Round "8.5"]
[White "Velicka, Petr"]
[Black "Czebe, Attila"]
[Result "1/2-1/2"]
[WhiteElo "2384"]
[BlackElo "2385"]
[Annotator "TA"]
[PlyCount "31"]
[EventDate "2022.08.10"]
[EventType "tourn"]
[EventCountry "SVK"]
[SourceTitle "playchess.com"]
[Source "ChessBase"]
[SourceQuality "1"]
[TimeControl "40/5400+30:1800+30"]

1. e4 e5 2. Nf3 Nc6 3. Bb5 Nf6 4. d3 d6 5. c3 g6 6. O-O Bg7 7. Nbd2 O-O 8. h3 {[%emt 0:00:30] [#]} {Predecessor:} a6 $146 {C65: Ruy Lopez: Berlin Defence (3...Nf6), unusual lines and 4 0-0 Bc5.} 9. Ba4 b5 10. Bc2 Nb8 11. Re1 Nbd7 12. Nf1 Bb7 13. d4 exd4 14. cxd4 c5 15. Bf4 Qb6 16. Ng3 {½-½ (47) Lewicki,M (2404)-Aleksandrov,A (2589) Katowice 2017} 1/2-1/2

[Event "Tirnavia Reti Memorial-GM 2022"]
[Site "Trnava"]
[Date "2022.08.18"]
[Round "9.3"]
[White "Pechac, Jergus"]
[Black "Jablonicky, Martin"]
[Result "1-0"]
[ECO "C45"]
[WhiteElo "2594"]
[BlackElo "2343"]
[Annotator "RC"]
[PlyCount "45"]
[EventDate "2022.08.10"]
[EventType "tourn"]
[EventCountry "SVK"]
[SourceTitle "playchess.com"]
[Source "ChessBase"]
[SourceQuality "1"]
[TimeControl "40/5400+30:1800+30"]

1. e4 e5 2. d4 exd4 3. Nf3 Nc6 4. Nxd4 Nf6 5. Nxc6 bxc6 6. Bd3 d5 7. exd5 cxd5 8. O-O Be7 9. h3 O-O 10. Re1 c5 11. b3 Be6 12. Bb2 Ne4 13. Nd2 Nxd2 14. Qxd2 Bf6 15. Be5 a5 16. Qc3 Bxe5 17. Rxe5 Qb6 18. Rae1 Qb4 19. Qa1 a4 20. Rg5 d4 21. Qc1 h6 22. Rg3 Kh8 23. Re5 1-0

[Event "Tirnavia Reti Memorial-GM 2022"]
[Site "Trnava"]
[Date "2022.08.18"]
[Round "9.4"]
[White "Pacher, Milan"]
[Black "Sahidi, Samir"]
[Result "0-1"]
[ECO "E46"]
[WhiteElo "2399"]
[BlackElo "2462"]
[Annotator "RC"]
[PlyCount "116"]
[EventDate "2022.08.10"]
[EventType "tourn"]
[EventCountry "SVK"]
[SourceTitle "playchess.com"]
[Source "ChessBase"]
[SourceQuality "1"]
[TimeControl "40/5400+30:1800+30"]

1. d4 Nf6 2. c4 e6 3. Nc3 Bb4 4. e3 O-O 5. Nge2 b6 6. a3 Bxc3+ 7. Nxc3 c5 8. Bd3 Nc6 9. O-O d5 10. cxd5 exd5 11. Qa4 Bb7 12. Rd1 Qe7 13. Ba6 c4 14. e4 Na5 15. Bxb7 Qxb7 16. e5 Ne8 17. Qc2 Nc7 18. Rb1 Nb3 19. Be3 b5 20. f4 f5 21. g4 Qc8 22. Qg2 Qd7 23. Kh1 fxg4 24. Rg1 a5 25. Rbf1 g6 26. Ne2 h5 27. h3 Rf7 28. Rf2 Raf8 29. hxg4 Rh7 30. g5 Rhf7 31. Ng3 h4 32. Nf1 Ne6 33. Nh2 Nxf4 34. Bxf4 Rxf4 35. Rxf4 Rxf4 36. Ng4 Qe6 37. Nf6+ Kf7 38. Qh2 Qf5 39. e6+ Kxe6 40. Re1+ Kf7 41. Qe2 Qh3+ 42. Kg1 Qg3+ 43. Kh1 Qf3+ 44. Qxf3 Rxf3 45. Nxd5 Nxd4 46. Re7+ Kf8 47. Rb7 Rf2 48. Kg1 Rxb2 49. Nf4 c3 50. Nxg6+ Ke8 51. Rb8+ Kd7 52. Ne5+ Kc7 53. g6 h3 54. Rh8 Rg2+ 55. Kf1 c2 56. Nd3 Rxg6 57. Rxh3 Nb3 58. Rh7+ Kb6 0-1

[Event "Tirnavia Reti Memorial-GM 2022"]
[Site "Trnava"]
[Date "2022.08.18"]
[Round "9.5"]
[White "Finek, Vaclav"]
[Black "Stevik, Patrik"]
[Result "1-0"]
[ECO "D70"]
[WhiteElo "2393"]
[BlackElo "2126"]
[Annotator "RC"]
[PlyCount "105"]
[EventDate "2022.08.10"]
[EventType "tourn"]
[EventCountry "SVK"]
[SourceTitle "playchess.com"]
[Source "ChessBase"]
[SourceQuality "1"]
[TimeControl "40/5400+30:1800+30"]

1. Nf3 Nf6 2. d4 d5 3. c4 g6 4. cxd5 Nxd5 5. e4 Nb6 6. h3 Bg7 7. Be2 O-O 8. Nc3 Nc6 9. Be3 Na5 10. O-O Nac4 11. Bg5 h6 12. Bf4 c6 13. b3 Nd6 14. Qd2 g5 15. Bh2 f5 16. exf5 Bxf5 17. Ne5 Nd5 18. Nxd5 cxd5 19. Rac1 Qb6 20. Bf3 Ne4 21. Qe3 Rac8 22. Bxe4 dxe4 23. Rfd1 Rxc1 24. Rxc1 Rd8 25. Rd1 Rd5 26. Rd2 Qb4 27. Bg3 Bf6 28. Nc4 Qb5 29. Be5 Bg6 30. Qc3 Qc6 31. Bxf6 exf6 32. Qb2 Bf7 33. Ne3 Rd7 34. Rc2 Qb6 35. Rc5 Kh7 36. Qc3 Qd6 37. d5 Bg6 38. Qd4 h5 39. Nc4 Qf4 40. Ne3 a6 41. a4 Qd6 42. b4 Rg7 43. Rc8 f5 44. Qc5 Qf6 45. d6 f4 46. Nd5 Qa1+ 47. Kh2 Qe5 48. Ne7 Qe6 49. Qxg5 f3 50. Rh8+ Kxh8 51. Qh6+ Bh7 52. Qxe6 Rxg2+ 53. Kh1 1-0